[Event "*** Titled Tuesday Blitz"]
[Site "Chess.com"]
[Date "2021.03.02"]
[Round "7"]
[White "Aradhya2000"]
[Black "SanQui14"]
[Result "1/2-1/2"]
[WhiteElo "2517"]
[BlackElo "2390"]
[TimeControl "180+1"]
[EndTime "11:21:52 PST"]
[Termination "Game drawn by 50-move rule"]

1. d4 Nf6 2. c4 g6 3. g3 d5 4. cxd5 Nxd5 5. Bg2 Bg7 6. Nf3 O-O 7. O-O Nc6 8. e4 Nb6 9. d5 Na5 10. Qe1 Nac4 11.
Nc3 e6 12. b3 Nd6 13. e5 Nf5 14. Bg5 Qe8 15. dxe6 Bxe6 16. Ne4 Bd5 17. g4 Bxe4 18.
Qxe4 Nd6 19. Qf4 Ndc8 20. Rfd1 c6 21. Qb4 h6 22. Bf6 Nd5 23. Qd4 Bxf6 24. exf6 Qe6 25. Ne5 Nxf6 26. Re1 Qd6 27. Qc4 Nb6 28. Qf4 g5 29. Qg3 Rad8 30. h4 Nbd5 31. Rad1 Qb4 32. a3 Qf4 33. hxg5 Qxg3 34. fxg3 hxg5 35. Bf3 Kg7 36. Kf2 Nc3 37. Rc1 Nb5 38. a4 Nd4 39. Bd1 Rh8 40. Kg2 Rhe8 41. b4 Rd5 42. Nd3 Rxe1 43.
Nxe1 Re5 44. Nf3 Nxf3 45. Bxf3 Nd5 46. b5 cxb5 47. axb5 b6 48. Bxd5 Rxd5 49. Rc7 Rxb5 50. Rxa7 Rb2+ 51. Kf3 b5 52. Ke4 Kg6 53. Rb7 b4 54. Kf3 b3 55. Rb6+ Kg7 56. Rb5 f6 57.
Rb7+ Kg6 58. Ke3 Rb1 59. Kf2 Kh6 60. Kg2 Kg6 61. Kf2 Rc1 62. Rxb3 Rc4 63. Kf3 Kf7 64. Rb7+ Ke6 65. Ra7 Rc3+ 66. Kf2 Ke5 67. Ra5+ Ke6 68.
Ra6+ Kf7 69. Ra5 Rc4 70. Kf3 Rb4 71. Rd5 Rb3+ 72. Kg2 Ke6 73. Ra5 Rb4 74. Ra6+ Kf7 75. Kf3 Kg6 76. Rd6 Rb3+ 77. Kg2 Rb2+ 78. Kf3 Rb3+ 79.
Kf2 Kf7 80. Rd4 Rb2+ 81. Ke3 Rb3+ 82. Rd3 Rb2 83. Ke4 Kg6 84. Rd8 Rb3 85. Rd3 Rb4+ 86. Kf3 Rc4 87. Re3 Rb4 88. Rc3 Rb1 89. Ra3 Re1 90.
Re3 Rb1 91. Re7 Rb3+ 92. Kg2 Rd3 93. Ra7 Rd4 94. Kh3 Rd2 95. Rb7 Re2 96. Rb6 Rc2 97.
Rb5 Kf7 98. Rb7+ Ke6 99. Rb6+ Ke5 100. Rb5+ Ke6 101. Rb6+ Ke5 102. Rb5+ Ke4 103. Rf5 Rc6 104. Kg2 Rd6 105. Kf2 Rb6 106. Kg2 Rb2+ 107. Kh3 Rb6 108. Rf1 Rc6 109. Kg2 Ke3 110. Rf3+ Ke2 111. Rf5 Ke3 112. Rf3+ 1/2-1/2

[Event "*** Titled Tuesday Blitz"]
[Site "Chess.com"]
[Date "2021.03.02"]
[Round "7"]
[White "Brave_spirit12"]
[Black "wannabe2700"]
[Result "1-0"]
[WhiteElo "2533"]
[BlackElo "2700"]
[TimeControl "180+1"]
[EndTime "11:22:21 PST"]
[Termination "Brave_spirit12 won by checkmate"]

1. e4 c6 2. Nc3 d5 3. Nf3 Bg4 4. h3 Bxf3 5. Qxf3 e6 6. d3 Bc5 7. Bd2 Nd7 8. O-O-O d4 9. Ne2 Ne7 10. Qg3 O-O 11. Bh6 Ng6 12. Bg5 f6 13. Bd2 a5 14. h4 a4 15. h5 Ne7 16. Nf4 Kf7 17.
Qh3 f5 18. g4 e5 19. Ng6 hxg6 20. hxg6+ Nxg6 21. gxf5 Nf4 22. Bxf4 exf4 23. Be2 Rh8 24.
Bh5+ Ke7 25. Rdg1 Rh7 26. Qh4+ Kf8 27. Qxf4 Qb8 28. Qg5 Bd6 29. Kb1 Nf6 30. Bg6 Rxh1 31. Rxh1 Ke7 32. Bh5 Qh8 33. f4 Kd7 34. e5 Be7 35. Bf3 Qf8 36. exf6 Bxf6 37. Qg6 Re8 38. Be4 Kc7 39. a3 Kb6 40. Rg1 Qe7 41. Qg3 Rh8 42.
Qf2 Qd6 43. Rg6 Qe7 44. Qg1 Qf8 45. c3 Qd6 46. cxd4 Qxd4 47. Qxd4+ Bxd4 48. Rg2 Rh1+ 49. Ka2 Bf6 50. Rxg7 Rh2 51. Rg2 Rh4 52. Rf2 Bd4 53.
Rc2 Bf6 54. Rc4 Rxf4 55. Rxa4 Kc7 56. Rb4 b5 57. Rb3 Rf2 58. Rb4 Kb6 59. Rb3 c5 60. Bd5 Ka5 61. Bc6 b4 62. axb4+ cxb4 63. Be4 Bd4 64.
Kb1 Ka4 65. Ka2 Be5 66. Bc6+ Ka5 67. Bd7 Rf1 68. Be6 Bd4 69. Bd5 Ka4 70. Bc6+ Ka5 71. Bd7 Rf4 72. Be6 Bc5 73. d4 Bxd4 74. Rd3 Kb5 75. Kb3 Kc5 76. Rd2 Kc6 77. Rc2+ Kd6 78. Rc4 Ke5 79. Rxb4 Rf2 80. Rb5+ Kf6 81. Ka2 Be5 82.
Ka3 Ke7 83. b4 Rf1 84. Rb7+ Kd6 85. Rd7+ Kc6 86. Kb3 Rf4 87. b5+ Kb6 88. Rd5 Bc7 89. Bd7 Rf3+ 90. Kc4 Rf4+ 91. Rd4 Rf2 92. Kd5 Rf3 93. Ke6 Re3+ 94. Kf7 Be5 95. Rd5 Bb2 96. Bc6 Ba3 97. f6 Re1 98. Kg7 Rg1+ 99. Kf7 Rf1 100.
Ke6 Bb2 101. f7 Rf6+ 102. Ke7 Rf2 103. Ke8 Ba3 104. Re5 Rf1 105. Re7 Bxe7 106. Kxe7 Re1+ 107. Kf8 Rf1 108. Be8 Rg1 109. Ke7 Re1+ 110. Kf6 Rf1+ 111. Kg7 Rg1+ 112. Kf8 Rf1 113. Bd7 Rg1 114. Ke7 Re1+ 115. Kf6 Rf1+ 116. Bf5 Rc1 117. f8=Q Rc5 118. Qxc5+ Kxc5 119. Bd7 Kd6 120. Bc6 Kc7 121. Ke5 Kb6 122. Kd5 Kc7 123. Kc5 Kb8 124. b6 Kc8 125. Kd6 Kb8 126. b7 Ka7 127. Kc7 Ka6 128. b8=Q Ka5 129. Qb5# 1-0

[Event "*** Titled Tuesday Blitz"]
[Site "Chess.com"]
[Date "2021.03.02"]
[Round "8"]
[White "KruHor"]
[Black "NiranjanNavalgund"]
[Result "1-0"]
[WhiteElo "2537"]
[BlackElo "2432"]
[TimeControl "180+1"]
[EndTime "11:24:35 PST"]
[Termination "KruHor won by resignation"]

1. e4 e5 2. d4 exd4 3. Nf3 Nc6 4. c3 d5 5. exd5 Qxd5 6. cxd4 Bb4+ 7. Nc3 Bg4 8. Be2 O-O-O 9. O-O Bxc3 10. bxc3 Nf6 11. h3 Bxf3 12. Bxf3 Qd6 13. Rb1 Na5 14. Qa4 Qa6 15.
Bxb7+ Qxb7 16. Rxb7 Nxb7 17. Qxa7 1-0

[Event "*** Titled Tuesday Blitz"]
[Site "Chess.com"]
[Date "2021.03.02"]
[Round "8"]
[White "eCztery"]
[Black "LamaChampetre"]
[Result "1-0"]
[WhiteElo "2396"]
[BlackElo "2212"]
[TimeControl "180+1"]
[EndTime "11:25:00 PST"]
[Termination "eCztery won by checkmate"]

1. d4 Nf6 2. Bg5 Ne4 3. h4 c5 4. Nd2 d5 5. Nxe4 dxe4 6. dxc5 Qa5+ 7. Qd2 Qxc5 8. O-O-O Nc6 9. e3 Bg4 10. Be2 Be6 11. Nh3 Bxa2 12. Qd7# 1-0

[Event "*** Titled Tuesday Blitz"]
[Site "Chess.com"]
[Date "2021.03.02"]
[Round "8"]
[White "A-S-00"]
[Black "svilson23"]
[Result "1-0"]
[WhiteElo "2400"]
[BlackElo "2245"]
[TimeControl "180+1"]
[EndTime "11:25:31 PST"]
[Termination "A-S-00 won by resignation"]

1. e4 c6 2. d4 d5 3. exd5 cxd5 4. c4 Nf6 5. Nc3 Be6 6. Nf3 dxc4 7. Be2 g6 8. Ng5 Bd5 9. Nxd5 Nxd5 10. Bxc4 Bg7 11. Qf3 1-0

[Event "*** Titled Tuesday Blitz"]
[Site "Chess.com"]
[Date "2021.03.02"]
[Round "8"]
[White "davigator"]
[Black "kubal123"]
[Result "1-0"]
[WhiteElo "2397"]
[BlackElo "2224"]
[TimeControl "180+1"]
[EndTime "11:25:36 PST"]
[Termination "davigator won by resignation"]

1. e4 c5 2. Nf3 e6 3. d4 cxd4 4. Nxd4 Nf6 5. Nc3 Bb4 6. Bd3 e5 7. Ne2 O-O 8. O-O Nc6 9. Bg5 Be7 10. Qd2 d6 11. f3 Be6 12. Rad1 a6 13. Be3 b5 14.
Ng3 b4 15. Na4 Qa5 16. b3 Rfd8 17. Bb6 1-0

[Event "*** Titled Tuesday Blitz"]
[Site "Chess.com"]
[Date "2021.03.02"]
[Round "8"]
[White "andy_rekt"]
[Black "j2806"]
[Result "1-0"]
[WhiteElo "2274"]
[BlackElo "2083"]
[TimeControl "180+1"]
[EndTime "11:26:04 PST"]
[Termination "andy_rekt won by resignation"]

1. d4 Nf6 2. c4 e6 3. Nc3 d5 4. Nf3 Be7 5. Bf4 O-O 6. e3 b6 7.
a3 Bb7 8. Ne5 Nbd7 9. Qf3 Nxe5 10. Bxe5 Ne4 11. Nxe4 dxe4 12. Qg3 f6 13. Bxc7 Qd7 14.
Bf4 g5 15. h4 Kh8 16. hxg5 fxg5 17. Be5+ Kg8 18. Be2 Bc8 19. Rxh7 Kxh7 20. Qh3+ Kg6 21. Qh5+ 1-0

[Event "*** Titled Tuesday Blitz"]
[Site "Chess.com"]
[Date "2021.03.02"]
[Round "8"]
[White "FontVella8"]
[Black "DenisQ"]
[Result "0-1"]
[WhiteElo "2485"]
[BlackElo "2642"]
[TimeControl "180+1"]
[EndTime "11:26:12 PST"]
[Termination "DenisQ won by resignation"]

1. d4 d5 2. c4 c6 3. cxd5 cxd5 4. Nc3 Nf6 5. Nf3 Nc6 6. Bf4 Bf5 7. e3 e6 8. Qb3 Bb4 9. Rc1 O-O 10. Ne5 Bxc3+ 11. Rxc3 Ne4 12. Rc2 Qa5+ 13. Kd1 Nb4 14. Rc5 Nxc5 15.
dxc5 Bc2+ 0-1

[Event "*** Titled Tuesday Blitz"]
[Site "Chess.com"]
[Date "2021.03.02"]
[Round "8"]
[White "BogdanDeac"]
[Black "vugarrasulov"]
[Result "1-0"]
[WhiteElo "2982"]
[BlackElo "2791"]
[TimeControl "180+1"]
[EndTime "11:26:13 PST"]
[Termination "BogdanDeac won by resignation"]

1. e4 d5 2. exd5 Qxd5 3. Nc3 Qa5 4. d4 Nf6 5. Nf3 c6 6. Ne5 Nbd7 7. Nc4 Qc7 8. Qf3 Nb6 9. Bf4 Qd8 10. Be5 Be6 11. Ne3 Nbd7 12. O-O-O Nxe5 13. dxe5 Nd7 14. Bc4 Bxc4 15.
Nxc4 Qc7 16. Rhe1 g6 17. Nd6+ Kd8 18. Nxf7+ Ke8 19. Nxh8 Nxe5 20. Rxe5 1-0

[Event "*** Titled Tuesday Blitz"]
[Site "Chess.com"]
[Date "2021.03.02"]
[Round "8"]
[White "m_ezat"]
[Black "Vallek86"]
[Result "1-0"]
[WhiteElo "2536"]
[BlackElo "2380"]
[TimeControl "180+1"]
[EndTime "11:26:24 PST"]
[Termination "m_ezat won by checkmate"]

1. d4 c5 2. c4 cxd4 3. Nf3 Nc6 4. Nxd4 Nf6 5. Nc3 e5 6. Nxc6 bxc6 7. Bg5 Bc5 8. e3 O-O 9. Be2 d6 10. O-O Bf5 11.
Bf3 Rb8 12. Be4 Be6 13. b3 Qc8 14. Bxf6 gxf6 15. Qf3 Kh8 16. Qxf6+ Kg8 17. Qg5+ Kh8 18. Qf6+ Kg8 19. Kh1 Bb6 20. Rad1 Bd8 21. Qh6 Be7 22. Qxh7# 1-0

[Event "*** Titled Tuesday Blitz"]
[Site "Chess.com"]
[Date "2021.03.02"]
[Round "8"]
[White "Caracternin123"]
[Black "Babujj"]
[Result "1-0"]
[WhiteElo "2608"]
[BlackElo "2457"]
[TimeControl "180+1"]
[EndTime "11:26:30 PST"]
[Termination "Caracternin123 won by resignation"]

1. d4 Nf6 2. Nf3 d5 3. Bf4 c5 4. e3 Nc6 5. Nc3 a6 6. dxc5 e6 7. Na4 Qa5+ 8. c3 Bxc5 9. b4 Nxb4 10. Nxc5 Qxc5 11. cxb4 Qxb4+ 12. Qd2 Qe7 13. Bd3 O-O 14. Rb1 b5 15. O-O Bb7 16. a4 d4 17. axb5 dxe3 18.
Bxe3 axb5 19. Rxb5 Bxf3 20. gxf3 Rfd8 21. Qe2 Ra3 22. Be4 Nh5 23. Kh1 Qh4 24. Bg5 Qh3 25.
Bxd8 Nf4 26. Rg1 Nxe2 27. Bf6 1-0

[Event "*** Titled Tuesday Blitz"]
[Site "Chess.com"]
[Date "2021.03.02"]
[Round "8"]
[White "enriquetejedor"]
[Black "LEGENYA1998"]
[Result "1-0"]
[WhiteElo "2505"]
[BlackElo "2239"]
[TimeControl "180+1"]
[EndTime "11:26:46 PST"]
[Termination "enriquetejedor won by resignation"]

1. b3 Nf6 2. Bb2 e6 3. Nc3 b6 4. e4 Bb7 5. e5 Nd5 6. Nxd5 Bxd5 7. Nf3 Be7 8. c4 Bb7 9. d4 O-O 10. Bd3 d6 11. h4 h6 12. Qe2 c5 13. g4 cxd4 14.
g5 h5 15. exd6 Qxd6 16. O-O-O Qf4+ 17. Nd2 Bxh1 18. Qxh5 f5 19. gxf6 Rxf6 20. Rxh1 Nc6 21. Bh7+ Kf8 22. Be4 Rc8 23. Qh8+ Kf7 24. Qxc8 Nb4 25. h5 Nxa2+ 26. Kb1 Qxd2 27. Bg6+ Rxg6 28. hxg6+ Kf6 29. Kxa2 Bb4 30. Qd8+ Kxg6 31. Rg1+ Kh7 32. Qxd4 1-0

[Event "*** Titled Tuesday Blitz"]
[Site "Chess.com"]
[Date "2021.03.02"]
[Round "8"]
[White "Duhless"]
[Black "AlexeiShirov"]
[Result "1-0"]
[WhiteElo "3066"]
[BlackElo "2819"]
[TimeControl "180+1"]
[EndTime "11:26:47 PST"]
[Termination "Duhless won by resignation"]

1. d4 d5 2. c4 c6 3. Nf3 Nf6 4.
Nc3 e6 5. g3 dxc4 6. Bg2 b5 7.
Ne5 a6 8. O-O Bb7 9. b3 b4 10.
bxc4 bxc3 11. Rb1 Ra7 12. Be3 Qc8 13. d5 c5 14. Qa4+ Nfd7 15. Nc6 Bxc6 16. dxc6 Bd6 17. cxd7+ Rxd7 18. Rfd1 Ke7 19. f4 Rhd8 20. Qc2 g6 21. Qxc3 Nc6 22. Rxd6 Rxd6 23. Bxc5 Nd4 24. Qxd4 1-0

[Event "*** Titled Tuesday Blitz"]
[Site "Chess.com"]
[Date "2021.03.02"]
[Round "8"]
[White "RamyresCoelho"]
[Black "kidagent"]
[Result "1-0"]
[WhiteElo "2085"]
[BlackElo "2308"]
[TimeControl "180+1"]
[EndTime "11:27:03 PST"]
[Termination "RamyresCoelho won by checkmate"]

1. e4 c5 2. Nf3 d6 3. d4 cxd4 4.
Nxd4 Nf6 5. Nc3 a6 6. f3 e5 7. Nb3 Be7 8. Be3 O-O 9. Qd2 Be6 10. O-O-O Qc8 11. g4 a5 12. g5 Nfd7 13. Nd5 Bd8 14. h4 a4 15. Na1 a3 16. b3 Nc6 17. c4 b5 18. Nc2 bxc4 19. Bxc4 Na5 20. Nxa3 Nxb3+ 21. axb3 Rxa3 22. Kb2 Ra8 23. Ra1 Rxa1 24. Rxa1 Bxd5 25.
Qxd5 Be7 26. h5 Qd8 27. g6 hxg6 28. hxg6 Nb6 29. gxf7+ Kh7 30. Rh1+ Kg6 31. Qe6+ Bf6 32. Qf5# 1-0

[Event "*** Titled Tuesday Blitz"]
[Site "Chess.com"]
[Date "2021.03.02"]
[Round "8"]
[White "esrosenberg"]
[Black "gisela_roque"]
[Result "1-0"]
[WhiteElo "2181"]
[BlackElo "1754"]
[TimeControl "180+1"]
[EndTime "11:27:20 PST"]
[Termination "esrosenberg won by resignation"]

1. Nf3 Nf6 2. c4 e6 3. Nc3 Bb4 4. g4 h6 5. Rg1 b6 6. g5 hxg5 7. Rxg5 Bb7 8. Bg2 Bxc3 9. dxc3 d6 10. Rxg7 Nbd7 11. Qd2 Kf8 12. Qg5 Rh5 13. Qg3 Ne4 14. Rg8+ Ke7 15. Rxd8 Nxg3 16. Rxa8 Bxa8 1-0

[Event "*** Titled Tuesday Blitz"]
[Site "Chess.com"]
[Date "2021.03.02"]
[Round "8"]
[White "ecwinslow"]
[Black "Julianos82"]
[Result "0-1"]
[WhiteElo "2238"]
[BlackElo "2357"]
[TimeControl "180+1"]
[EndTime "11:27:21 PST"]
[Termination "Julianos82 won by resignation"]

1. e4 c5 2. Nf3 b6 3. c3 Bb7 4. Bd3 d5 5. exd5 Qxd5 6. Qe2 e6 7. O-O Nf6 8. Na3 Nbd7 9. Bc4 Qh5 10. Nb5 O-O-O 11.
Nxa7+ Kb8 12. Nb5 Bxf3 13. Qxf3 Qxf3 14. gxf3 Ne5 15. Be2 Nd3 16. a4 Nh5 17. a5 bxa5 18. Bxd3 Rxd3 19. Rxa5 Nf4 20. Na3 Bd6 21. Nc4 Bc7 22.
Rxc5 h5 23. b4 Rh6 24. b5 Kb7 25. Rg5 Nh3+ 26. Kg2 Nxg5 0-1

[Event "*** Titled Tuesday Blitz"]
[Site "Chess.com"]
[Date "2021.03.02"]
[Round "8"]
[White "Deepweb2020"]
[Black "tusplingher"]
[Result "1-0"]
[WhiteElo "2411"]
[BlackElo "2260"]
[TimeControl "180+1"]
[EndTime "11:27:23 PST"]
[Termination "Deepweb2020 won by resignation"]

1. d4 Nf6 2. c4 c5 3. Nf3 cxd4 4. Nxd4 Nc6 5. g3 d6 6. Bg2 Bd7 7. O-O g6 8. Nc3 Bg7 9. b3 O-O 10. Bb2 Nxd4 11. Qxd4 Bc6 12. Nd5 Bxd5 13. Bxd5 Qd7 14.
Rfd1 Rad8 15. Qxa7 Nxd5 16. Bxg7 Kxg7 17. Rxd5 Qc6 18.
Qd4+ f6 19. Qd2 Ra8 20. a4 Rfd8 21. h4 Ra6 22. c5 Raa8 23. cxd6 exd6 24. Rc1 Qb6 25.
Rb5 Qa6 26. Rc7+ Kh8 27. Qh6 1-0

[Event "*** Titled Tuesday Blitz"]
[Site "Chess.com"]
[Date "2021.03.02"]
[Round "8"]
[White "FeketeBarika"]
[Black "Moon_stone123"]
[Result "0-1"]
[WhiteElo "2282"]
[BlackElo "2515"]
[TimeControl "180+1"]
[EndTime "11:27:25 PST"]
[Termination "Moon_stone123 won by resignation"]

1. Nf3 Nf6 2. g3 g6 3. Bg2 Bg7 4. O-O O-O 5. c4 d6 6. Nc3 e5 7. d3 Re8 8. Rb1 a5 9. a3 e4 10. dxe4 Nxe4 11. Nxe4 Rxe4 12. Nd2 Re8 13. b4 axb4 14.
axb4 Bf5 15. Rb3 Ra1 16. Bxb7 Nd7 17. Bc6 Qe7 18. Nf3 Qxe2 19. Qxe2 Rxe2 20. Be3 Rxf1+ 21. Kxf1 Rc2 22. c5 dxc5 23. bxc5 Bc3 24. Bh6 Bh3+ 25. Kg1 Nf8 26. Ne1 Bxe1 27. Rb8 Bxf2+ 28. Kh1 Bxc5 0-1

[Event "*** Titled Tuesday Blitz"]
[Site "Chess.com"]
[Date "2021.03.02"]
[Round "8"]
[White "Maddie"]
[Black "ApoIogiA"]
[Result "0-1"]
[WhiteElo "2067"]
[BlackElo "2193"]
[TimeControl "180+1"]
[EndTime "11:27:31 PST"]
[Termination "ApoIogiA won by resignation"]

1. d4 Nf6 2. e3 g6 3. Bd3 Bg7 4.
f4 O-O 5. Nf3 d5 6. O-O b6 7.
Nbd2 Ba6 8. Bxa6 Nxa6 9. c3 c5 10. Ne5 Nc7 11. Re1 Nce8 12. Ndf3 Nd6 13. Bd2 Nfe4 14. Bc1 f6 15. Ng4 c4 16. Nf2 Qd7 17.
Nd2 Nxf2 18. Kxf2 e5 19. fxe5 fxe5+ 20. Kg1 e4 21. Rf1 Rxf1+ 22. Nxf1 Rf8 23. Qe2 h5 24. Bd2 Nf5 25. Be1 Bh6 26. Bf2 Qe7 27. Ng3 Nh4 28. Qe1 Bg5 29. Qe2 Rf6 30. Nxh5 gxh5 31. Qxh5 Rh6 32.
Qg4 Qg7 33. Qc8+ Kh7 34. Rf1 Bxe3 35. Qh3 Nf3+ 0-1

[Event "*** Titled Tuesday Blitz"]
[Site "Chess.com"]
[Date "2021.03.02"]
[Round "8"]
[White "mhebden"]
[Black "JulianProleiko"]
[Result "0-1"]
[WhiteElo "2534"]
[BlackElo "2443"]
[TimeControl "180+1"]
[EndTime "11:27:40 PST"]
[Termination "JulianProleiko won by resignation"]

1. d4 Nf6 2. Nf3 d5 3. c4 e6 4. Bg5 dxc4 5. Qa4+ Nbd7 6. Nbd2 a6 7. Qxc4 b5 8. Qc6 Rb8 9. e4 Bb7 10. Qc2 h6 11.
Bh4 Bb4 12. a3 Ba5 13. b4 Bb6 14. Bd3 g5 15. Bg3 g4 16. Bxc7 Qxc7 17. Qxc7 Bxc7 18. Ng1 Bb6 19. Ne2 e5 20. d5 Ke7 21. f3 gxf3 22.
Nxf3 Ne8 23. Kd2 Nd6 24. a4 Rhg8 25. g3 Rbc8 26. axb5 axb5 27. Rhc1 Rxc1 28. Nxc1 Ra8 29. Rxa8 Bxa8 30. Nh4 f5 31. Nxf5+ Nxf5 32. exf5 Bxd5 33.
Bxb5 Nf6 34. Nd3 Ne4+ 35. Kc2 Kf6 36. Bd7 Nd6 37. Nc5 Nxf5 38. Na4 Bd4 39. b5 Ne3+ 40.
Kd3 Ke7 41. Bh3 Bc4+ 42. Ke4 Bxb5 0-1

[Event "*** Titled Tuesday Blitz"]
[Site "Chess.com"]
[Date "2021.03.02"]
[Round "8"]
[White "TheBigBoss04"]
[Black "CheckThis4"]
[Result "1-0"]
[WhiteElo "2755"]
[BlackElo "2623"]
[TimeControl "180+1"]
[EndTime "11:27:44 PST"]
[Termination "TheBigBoss04 won by resignation"]

1. c4 e6 2. Nc3 d5 3. d4 Bb4 4. Qa4+ Nc6 5. Nf3 Nf6 6. e3 O-O 7. Bd2 Re8 8. Qc2 Bd6 9. a3 a6 10. Bd3 dxc4 11. Bxc4 e5 12. Ng5 Nxd4 13. exd4 exd4+ 14.
Kf1 dxc3 15. Nxf7 Qe7 16. Nxd6+ Be6 17. Bxe6+ Qxe6 18. Nxe8 cxd2 19. Nxf6+ Qxf6 20. Qxd2 Rd8 21. Qe2 h6 22. Re1 Kh8 23. h4 Qf4 24. Rh3 Rd2 25.
Qe8+ 1-0

[Event "*** Titled Tuesday Blitz"]
[Site "Chess.com"]
[Date "2021.03.02"]
[Round "8"]
[White "Gahan-MG"]
[Black "DrVelja"]
[Result "1-0"]
[WhiteElo "2654"]
[BlackElo "2822"]
[TimeControl "180+1"]
[EndTime "11:27:47 PST"]
[Termination "Gahan-MG won by resignation"]

1. e4 c6 2. d4 d5 3. exd5 cxd5 4. c4 Nf6 5. Nc3 Nc6 6. Nf3 g6 7. Bg5 dxc4 8. Bxc4 Bg7 9. d5 Na5 10. Bb5+ Bd7 11.
Qa4 a6 12. Bxd7+ Nxd7 13. O-O b5 14. Qb4 Nc4 15. Rfe1 Nf6 16. Nxb5 O-O 17. Qxc4 axb5 18. Qxb5 Rb8 19. Qc5 Rxb2 20. a4 Qxd5 21. Qxe7 Re8 22. Qxe8+ Nxe8 23. Rxe8+ Bf8 24. Bh6 1-0

[Event "*** Titled Tuesday Blitz"]
[Site "Chess.com"]
[Date "2021.03.02"]
[Round "8"]
[White "Zhigalko_Sergei"]
[Black "horripile"]
[Result "1-0"]
[WhiteElo "2909"]
[BlackElo "2710"]
[TimeControl "180+1"]
[EndTime "11:27:49 PST"]
[Termination "Zhigalko_Sergei won by resignation"]

1. e4 c5 2. Nf3 Nc6 3. c3 d5 4.
exd5 Qxd5 5. d4 e6 6. Na3 Qd8 7.
Nc2 Nf6 8. Bd3 Be7 9. O-O O-O 10. Re1 b6 11. Qe2 Bb7 12. dxc5 Bxc5 13. Bg5 Be7 14. Bh4 Nd5 15. Bg3 Bf6 16. Rad1 Qc8 17. h4 Rd8 18. h5 Nde7 19. Ne3 Nf5 20. Bxf5 exf5 21. Nd5 Bd4 22. Rxd4 Nxd4 23. Ne7+ Kh8 24. Nxd4 Qd7 25. h6 1-0

[Event "*** Titled Tuesday Blitz"]
[Site "Chess.com"]
[Date "2021.03.02"]
[Round "8"]
[White "Treacherous_horse64"]
[Black "dhaessel"]
[Result "1-0"]
[WhiteElo "2557"]
[BlackElo "1963"]
[TimeControl "180+1"]
[EndTime "11:27:49 PST"]
[Termination "Treacherous_horse64 won on time"]

1. d4 Nf6 2. Bg5 d5 3. e3 c5 4. c3 e6 5. Nd2 Nc6 6. Ngf3 Bd6 7. dxc5 Bxc5 8. Bd3 O-O 9. Qe2 b6 10. O-O Bb7 11.
e4 h6 12. Bh4 g5 13. Bg3 Nh5 14.
Rad1 Nxg3 15. hxg3 Ne7 16. Bc2 Ng6 17. Rfe1 Kg7 18. Nb3 Qc7 19. exd5 Bxd5 20. Nfd4 Be7 21. Nf3 Bf6 22. Be4 Bc4 23. Bd3 Bd5 24. Be4 Bc4 25. Qc2 Ne5 26. Bxa8 Rxa8 27. Nxe5 Bxe5 28. Nd4 Bf6 29. Nf3 Bd5 30. a3 Qb7 31. Qe2 1-0

[Event "*** Titled Tuesday Blitz"]
[Site "Chess.com"]
[Date "2021.03.02"]
[Round "8"]
[White "bazar-wokzal"]
[Black "oogee"]
[Result "0-1"]
[WhiteElo "2506"]
[BlackElo "2394"]
[TimeControl "180+1"]
[EndTime "11:27:51 PST"]
[Termination "oogee won by checkmate"]

1. e4 c5 2. c3 g6 3. d4 d5 4.
dxc5 dxe4 5. Qxd8+ Kxd8 6. Na3 Nd7 7. Be3 Ngf6 8. O-O-O Ng4 9. Nh3 Nxe3 10. fxe3 Bh6 11. Nc4 Kc7 12. b4 a5 13. Kb2 b5 14. cxb6+ Nxb6 15. Nxa5 Bxe3 16. Bb5 f5 17. Rhe1 Bh6 18. Kb3 Be6+ 19.
c4 Rhb8 20. a4 Rxa5 21. bxa5 Nxc4 22. Kc3 Nxa5 23. g3 Bg7+ 24. Kb4 Bb2 25. Nf4 Nc6+ 26. Kc5 Ba3# 0-1

[Event "*** Titled Tuesday Blitz"]
[Site "Chess.com"]
[Date "2021.03.02"]
[Round "8"]
[White "Chandradi"]
[Black "DLR7"]
[Result "0-1"]
[WhiteElo "2363"]
[BlackElo "2637"]
[TimeControl "180+1"]
[EndTime "11:27:52 PST"]
[Termination "DLR7 won by resignation"]

1. c4 e5 2. g3 Nc6 3. Bg2 Nf6 4. Nc3 Bb4 5. Nd5 Bc5 6. d3 O-O 7. Nf3 Nxd5 8. cxd5 Nd4 9. Nd2 d6 10. e3 Nf5 11. Ne4 Bb6 12. O-O Ne7 13. Nc3 a5 14. b3 Ng6 15. Ne2 Qg5 16. d4 Bg4 17. dxe5 Qxe5 18. Rb1 Qh5 19. Re1 Ne5 20. Bb2 Nf3+ 21.
Bxf3 Bxf3 22. Qd2 Be4 23. Nc3 Bxb1 24. Rxb1 Rfe8 25. Ne2 Qf3 26. Qc3 f6 27. Nd4 Qxd5 28. Rd1 c5 0-1

[Event "*** Titled Tuesday Blitz"]
[Site "Chess.com"]
[Date "2021.03.02"]
[Round "8"]
[White "jefferyx"]
[Black "FairChess_on_YouTube"]
[Result "0-1"]
[WhiteElo "3014"]
[BlackElo "2969"]
[TimeControl "180+1"]
[EndTime "11:28:03 PST"]
[Termination "FairChess_on_YouTube won by resignation"]

1. e4 e5 2. Nf3 Nc6 3. Bc4 Bc5 4. c3 Nf6 5. d3 d6 6. O-O a6 7. a4 Ba7 8. b4 h6 9. Nbd2 g5 10. Nb3 g4 11. Ne1 h5 12. b5 Ne7 13. Be3 h4 14.
Nc2 Ng6 15. Bxa7 Rxa7 16. Ne3 Nh5 17. Nxg4 Qg5 18. h3 Ngf4 19. bxa6 bxa6 20. Na5 Bxg4 21. Qxg4 Rg8 22. Rab1 Qxg4 23. hxg4 Rxg4 24. Rb8+ Kd7 25. Bxf7 Rxg2+ 26. Kh1 Nf6 27. Bd5 Ng4 0-1

[Event "*** Titled Tuesday Blitz"]
[Site "Chess.com"]
[Date "2021.03.02"]
[Round "8"]
[White "frazier69"]
[Black "krzyzan94"]
[Result "0-1"]
[WhiteElo "2568"]
[BlackElo "2722"]
[TimeControl "180+1"]
[EndTime "11:28:03 PST"]
[Termination "krzyzan94 won by resignation"]

1. e4 c5 2. Nf3 d6 3. Bb5+ Bd7 4.
Bxd7+ Qxd7 5. c4 g6 6. d4 cxd4 7. Nxd4 Nf6 8. Nc3 Bg7 9. f3 O-O 10. Be3 Nc6 11. O-O a6 12. Qd3 Rac8 13. b3 Ne5 14.
Qd2 e6 15. Rac1 Rfd8 16. Rfd1 d5 17. f4 Neg4 18. e5 Ne4 19. Nxe4 dxe4 20. Qe2 Nxe3 21. Qxe3 Bf8 22. Rc2 Bc5 23. Rcd2 b5 24. Qxe4 bxc4 25. bxc4 Qa4 26. h3 Rxd4 27. Rxd4 Qxd1+ 0-1

[Event "*** Titled Tuesday Blitz"]
[Site "Chess.com"]
[Date "2021.03.02"]
[Round "8"]
[White "Ladislav1969"]
[Black "ErikRonka"]
[Result "0-1"]
[WhiteElo "2310"]
[BlackElo "2460"]
[TimeControl "180+1"]
[EndTime "11:28:03 PST"]
[Termination "ErikRonka won by resignation"]

1. e4 c6 2. d4 d5 3. e5 c5 4.
dxc5 e6 5. Be3 Nd7 6. Nf3 Bxc5 7. Bxc5 Nxc5 8. c4 Ne7 9. Nc3 O-O 10. Qd4 Qa5 11. cxd5 Nb3 12. axb3 Qxa1+ 13. Nd1 Nxd5 14. Bd3 Qa5+ 15. Kf1 Qb4 16. Bc4 Nb6 17. g3 Bd7 18.
Ng5 Nxc4 19. Qxc4 Bb5 0-1

[Event "*** Titled Tuesday Blitz"]
[Site "Chess.com"]
[Date "2021.03.02"]
[Round "8"]
[White "EvgenyT"]
[Black "NTBT_DHS"]
[Result "1-0"]
[WhiteElo "2921"]
[BlackElo "2769"]
[TimeControl "180+1"]
[EndTime "11:28:05 PST"]
[Termination "EvgenyT won by resignation"]

1. c4 Nf6 2. Nf3 g6 3. Nc3 Bg7 4. d4 O-O 5. Bg5 d6 6. e3 c5 7. d5 h6 8. Bh4 Nbd7 9. Nd2 a6 10. Be2 Rb8 11. a4 Re8 12. O-O Nf8 13. Re1 e5 14.
dxe6 Bxe6 15. Nde4 g5 16. Bg3 Nxe4 17. Nxe4 Bxc4 18.
Bxc4 Rxe4 19. Bxf7+ Kxf7 20. Qf3+ Kg8 21. Qxe4 Bxb2 22. Rad1 Bg7 23. Bxd6 Rc8 24. Bxc5 Qc7 25. Bxf8 Rxf8 26. g3 b5 27. axb5 axb5 28. Qd5+ Qf7 29. Qxf7+ Rxf7 30. Rd8+ Kh7 31. Rb8 Bc3 32. Rb1 b4 33.
Kg2 g4 34. R8xb4 Bxb4 35. Rxb4 h5 36. Rf4 Ra7 37. h3 Rg7 38. hxg4 hxg4 39. Rf6 Rg5 40. Kf1 Kg7 41. Rd6 Kf7 42. Ke2 Ke7 43. Ra6 Kf7 44. e4 Rb5 45. Ra3 Kf6 46. Ke3 Ke5 47. Rd3 Rb2 48.
Rd5+ Kf6 49. Rd2 Rb4 50. Kf4 Ke6 51. Re2 1-0